 Dungeon Crawl Stone Soup version 0.29.1-15-g9cfb28693d (webtiles) character file.

Game seed: 16046453876396608542

261 growler the Insei (level 6, -2/43 HPs)
             Began as a Merfolk Transmuter on Mar 23, 2023.
             Slain by an orc
             ... wielding a +0 mace
              (7 damage)
             ... on level 3 of the Dungeon.
             The game lasted 00:05:59 (3865 turns).

growler the Insei (Merfolk Transmuter)              Turns: 3865, Time: 00:06:00

Health: -2/43      AC:  2    Str: 11    XL:     6   Next: 18%
Magic:  10/10      EV: 13    Int: 14    God:
Gold:   150        SH:  0    Dex: 18    Spells: 5/11 levels left

rFire   + . .      SeeInvis .     - Unarmed
rCold   . . .      Faith    .   (no shield)
rNeg    . . .      Spirit   .   f - +0 robe of the Well-Known Knaves {rF+ Dex+4}
rPois   .          Reflect  .   (no helmet)
rElec   .          Harm     .   (no cloak)
rCorr   .          Rampage  .   (no gloves)
Will    .....                   (no boots)
Stlth   ++........              (no amulet)
HPRegen 0.14/turn               (no ring)
MPRegen 0.12/turn               (no ring)

@: no status effects
A: (nimble swimmer 2), mertail
a: no special abilities


You were on level 3 of the Dungeon.
You visited 1 branch of the dungeon, and saw 3 of its levels.

You collected 150 gold pieces.

Inventory:

Armour
 a - a +0 robe
 f - the +0 robe of the Well-Known Knaves (worn) {rF+ Dex+4}
   (You found it on level 2 of the Dungeon)

   Dex:       It affects your dexterity (+4).
   rF:        It protects you from fire.
Wands
 o - a wand of polymorph (8)
Scrolls
 b - 3 scrolls of vulnerability {unknown}
 h - 3 scrolls of noise {unknown}
 j - a scroll of amnesia {unknown}
 k - a scroll of magic mapping {unknown}
 m - a scroll of teleportation {unknown}
 n - a scroll of identify {unknown}
 p - a scroll of acquirement {unknown}
Potions
 c - a potion of mutation {unknown}
 d - a potion of flight
 e - a potion of attraction {unknown}
 g - a potion of haste {unknown}
 i - a potion of brilliance {unknown}
 l - 2 potions of curing {unknown}


   Skills:
 - Level 1.1 Fighting
 - Level 2.6 Dodging
 + Level 6.3 Unarmed Combat
 - Level 3.0 Spellcasting
 - Level 4.0 Transmutations


You had 5 spell levels left.
You knew the following spells:

 Your Spells              Type           Power      Damage    Failure   Level
a - Beastly Appendage     Tmut           26%        N/A       4%          1
b - Wereblood             Tmut           13%        N/A       6%          2
c - Spider Form           Tmut/Pois      7%         N/A       28%         3

Your spell library contained the following spells:

 Spells                   Type           Power      Damage    Failure   Level
 Static Discharge         Conj/Air       2%         3-4/arc   32%         2
 Ice Form                 Ice/Tmut       7%         N/A       67%         4
 Lightning Bolt           Conj/Air       1%         1d12      99%         5
 Maxwell's Capacitive Co  Air            1%         ∞         100%        8


Dungeon Overview and Level Annotations

Branches:
Dungeon (3/15)

Altars:
The Shining One

Shops:
D:3 =

Annotations:
D:3 2 runed translucent doors, Beryl's ghost, amateur DrEE; Crazy Yiuf


Innate Abilities, Weirdness & Mutations

((You are very nimble when in or above water. (Stealth+, EV+, Speed+++)))
Your lower body shifts to a powerful aquatic tail in water.


Message History

You hit the orc but do no damage. The orc hits you with a +0 short sword.
The orc wizard hits you with a +0 dagger.
The orc closely misses you.
You're too confused to move!
The orc hits you with a +0 short sword.
The orc wizard gestures at you while chanting.
You resist with some effort. The orc barely misses you.
Unknown command.
The orc attacks as you move away! The orc hits you with a +0 short sword.
You feel less confused. The orc wizard closely misses you.
You closely miss the orc wizard. Your headbutt misses the orc wizard.
The orc wizard is almost dead.
The orc hits you with a +0 short sword. The orc wizard barely misses you.
The orc closely misses you.
You hit the orc wizard but do no damage.
Your headbutt misses the orc wizard.
The orc wizard is almost dead.
The orc closely misses you.
The orc wizard gestures at you while chanting.
You resist with some effort. The orc hits you with a +0 mace.
* * * LOW HITPOINT WARNING * * *
Okay, then.
You hit the orc wizard.
You kill the orc wizard!
The orc barely misses you. x2
You closely miss the orc. The orc hits you with a +0 short sword.
* * * LOW HITPOINT WARNING * * *
The orc closely misses you.
You punch the orc!
You kill the orc!
Your horns disappear.
The orc hits you with a +0 mace.
* * * LOW HITPOINT WARNING * * *
Unknown command.
You hit the orc.
The orc is moderately wounded.
You hit the orc. You punch the orc.
The orc is severely wounded.
The orc hits you with a +0 mace!
You die...

.........# #.# #......#
##.......# #.# ###.####
####...## ##+## #.# #...#
##...## #.## ###.## ##†....##
#..# ##.#.# ##.......## ##).#
##....###.........####...#####
#.......'...).....+...........
####....###..))@....###.......##
##.......# ##..o....## #.#..##.#
#....##### ##.....## #.##.##.#
##..## ##...## #.##..#.# #....#
##'#### #.###.#.# #.P..# ......
#.......# ##P..# #.###.
#####.### ##.## ##.###.#######.#
##.# #...!......g...#


You could see an orc.

Vanquished Creatures
  A necrophage (D:3)
  Ijyb (D:3)
  Jessica (D:3)
  An orc wizard (D:3)
  A gnoll (D:1)
  3 adders
  A white imp (D:3)
  3 dart slugs
  2 orcs (D:3)
  4 ball pythons
  7 endoplasms
  5 giant cockroaches
  8 goblins
  6 hobgoblins
  3 quokkas
  7 bats
  2 frilled lizards
  A goblin skeleton (D:3)
  2 goblin zombies (D:3)
  A hobgoblin zombie (D:3)
  7 kobolds
  A kobold skeleton (D:3)
  A kobold zombie (D:3)
  An orc skeleton (D:3)
  An orc zombie (D:3)
  2 rats
73 creatures vanquished.

Notes
Turn   | Place    | Note
-------+----------+-------------------------------------------
     0 | D:1      | growler the Merfolk Transmuter began the quest for the Orb.
     0 | D:1      | Reached XP level 1. HP: 15/15 MP: 3/3
   133 | D:1      | Reached XP level 2. HP: 6/21 MP: 3/5
   137 | D:1      | Learned a level 2 spell: Wereblood
   763 | D:1      | Reached XP level 3. HP: 26/26 MP: 4/6
   767 | D:1      | Learned a level 3 spell: Spider Form
  1122 | D:1      | Found a faded altar of an unknown god.
  1448 | D:2      | Reached skill level 4 in Unarmed Combat
  1677 | D:2      | Reached XP level 4. HP: 32/32 MP: 6/8
  1691 | D:2      | Identified the +0 robe of the Well-Known Knaves {rF+ Dex+4}
  2465 | D:3      | Noticed a necrophage
  2484 | D:3      | Killed a necrophage
  2485 | D:3      | Reached skill level 5 in Unarmed Combat
  2485 | D:3      | Reached XP level 5. HP: 32/37 MP: 6/9
  2709 | D:3      | Found a glowing golden altar of the Shining One.
  2916 | D:3      | Noticed Jessica
  2929 | D:3      | Killed Jessica
  3316 | D:3      | Found a runed translucent door.
  3318 | D:3      | Noticed Beryl's ghost (amateur DrEE)
  3463 | D:3      | Found Ycumnad's Jewellery Emporium.
  3604 | D:3      | Noticed Ijyb
  3636 | D:3      | Killed Ijyb
  3637 | D:3      | Reached skill level 6 in Unarmed Combat
  3728 | D:3      | Reached XP level 6. HP: 40/43 MP: 7/10
  3819 | D:3      | Found a runed translucent door.
  3820 | D:3      | Noticed Crazy Yiuf
  3865 | D:3      | Slain by an orc

Illustrated notes

Levels and vault maps discovered:
D:1:      doesnt_arrival_eight_statues, layout_basic,
          hellmonk_ecumenical_altar_prayer_group, dk_noncrumbling_4,
          chequers_serial_rivers_micro_d
D:2:      layout_basic
D:3:      layout_loops_corners, nicolae_tso_besieged_by_evil, serial_shops,
          nicolae_shop_hallway_plus, ebering_ghost_reflecting_pool, uniq_ijyb,
          uniq_jessica, uniq_grinder, uniq_crazy_yiuf_cottage

Skill      XL: |  1  2  3  4  5 |
---------------+----------------+-----
Transmutations | 3 4 |  4.0
Unarmed Combat | 4 5 6 |  6.3
Spellcasting   | 3 |  3.0
Fighting       | |  1.1
Dodging        | |  2.6

Action                   |  1- 3 |  4- 6 || total
-------------------------+-------+-------++-------
Melee: Unarmed           |    76 |   114 ||   190
       Headbutt          |    14 |    10 ||    24
       Punch             |     1 |     4 ||     5
 Cast: Beastly Appendage |    22 |    19 ||    41
       Spider Form       |       |     1 ||     1
       Wereblood         |       |     1 ||     1
  Use: Potion            |     1 |     1 ||     2
 Stab: Sleeping          |     6 |     3 ||     9
Armor: Skin              |     3 |     3 ||     6
       Robe              |    15 |    16 ||    31
Dodge: Dodged            |    53 |    62 ||   115
